 Dungeon Crawl Stone Soup version 0.31-a0-1-g4198be8af4 (webtiles) character file.

Game seed: 17354845479501778887

2072 ragingrage the Carver (level 9, -5/60 HPs)
             Began as a Djinni Delver on May 1, 2023.
             Was a Priest of Okawaru.
             Slain by a yak (15 damage)
             ... on level 8 of the Dungeon.
             The game lasted 00:08:47 (7542 turns).

ragingrage the Carver (Djinni Delver)               Turns: 7542, Time: 00:08:47

Health: -5/60      AC:  6    Str: 11    XL:     9   Next: 50%
Gold:   380        EV: 12    Int: 16    God:    Okawaru [***...] SH:  5 Dex: 19

rFire   + + .        a - +0 falchion (drain)
rCold   x . .        (no shield)
rNeg    . . .        q - +2 robe of the Locust {Will+ Int+4}
rPois   ∞            y - +0 helmet
rElec   .            (no cloak)
rCorr   .            r - +0 pair of gloves
SInv    .            (boots unavailable)
Will    +....        s - amulet of reflection
Stlth   +++          (no ring)
HPRegen 0.30/turn    (no ring)
MPRegen 0.00/turn

%: reflection, infuse magic (-6 HP)
@: flying
A: sickness immunity, fire resistance 2, cold vulnerability 1, float, innate
caster, HP casting, extra vitality 1
a: Renounce Religion, Heroism


You were on level 8 of the Dungeon.
You worshipped Okawaru.
Okawaru was most pleased with you.
You visited 1 branch of the dungeon, and saw 8 of its levels.

You collected 380 gold pieces.

Inventory:

Hand Weapons
 a - a +0 falchion of draining (weapon)
 b - a +0 dagger
 F - a +3 long sword
Missiles
 t - 10 atropa-tipped darts (quivered)
 A - 3 silver javelins
 H - a throwing net
Armour
 q - the +2 robe of the Locust (worn) {Will+ Int+4}
   (You found it on level 2 of the Dungeon)

   Int:       It affects your intelligence (+4).
   Will:      It increases your willpower.
 r - a +0 pair of gloves (worn)
 y - a +0 helmet (worn)
 G - an orb of guile
Jewellery
 s - an amulet of reflection (around neck)
Wands
 g - a wand of digging (3)
 j - a wand of roots (11)
 u - a wand of polymorph (5)
 x - a wand of flame (19)
Scrolls
 c - 3 scrolls of fog
 d - 2 scrolls of identify
 e - 4 scrolls of fear
 f - 2 scrolls of brand weapon
 h - 5 scrolls of teleportation
 i - 3 scrolls of silence
 k - a scroll of vulnerability {unknown}
 o - a scroll of amnesia {unknown}
 p - 2 scrolls of immolation {unknown}
 v - a scroll of enchant weapon {unknown}
 B - a scroll of torment {unknown}
 C - a scroll of blinking {unknown}
 E - a scroll of acquirement {unknown}
Potions
 l - a potion of resistance {unknown}
 m - 2 potions of berserk rage
 n - 3 potions of brilliance
 w - a potion of curing
 z - a potion of heal wounds
 D - a potion of mutation {unknown}


   Skills:
 - Level 3.0 Fighting
 + Level 9.9 Long Blades
 - Level 2.1 Dodging
 - Level 4.1 Stealth
 - Level 4.0 Spellcasting


You knew the following spells:

 Your Spells              Type           Power      Damage    Failure   Level
a - Freeze                Ice            64%        1d7       3%          1
b - Momentum Strike       Conj/Tloc      32%        3d8       4%          2
c - Scorch                Fire           32%        2d6       4%          2
d - Ice Form              Ice/Tmut       16%        N/A       32%         4
Your spell library was empty.

Dungeon Overview and Level Annotations

Branches:
Dungeon (8/15)             Temple (0/1) D:6            Lair (0/5) D:8

Altars:
Ashenzari
Cheibriados
Okawaru
Qazlal
Ru
Trog
Uskayaw


Innate Abilities, Weirdness & Mutations

You are immune to sickness and miasma.
You are immune to poison.
Your flesh is very heat resistant. (rF++)
You are vulnerable to cold. (rC-)
You float through the air rather than walking.
You learn spells naturally, not from books.
Your magical power is your life essence.
You have superior vitality. (+4 MHP)


Message History

4 yaks come into view.
b - a +0 dagger (weapon)
The yak bellows! x4
You hit the yak but do no damage. You block the yak's attack.
The yak attacks as you move away! The yak gores you.
The yak attacks as you move away! The yak barely misses you.
You sense an unholy aura.
a - a +0 falchion of draining (weapon)
You barely miss the yak. The yak closely misses you.
You hit the yak. The yak gores you!
You closely miss the yak. You hit the yak but do no damage. You drain the yak.
The yak gores you but does no damage.
You hit the yak. You drain the yak. The yak gores you!
You hit the yak. You drain the yak. The yak barely misses you.
You hit the yak. The yak gores you.
Okay, then.
Okay, then.
You slash the yak! You drain the yak.
You kill the yak!
Okawaru is honoured by your kill.
You slash the yak! You drain the yak. You hit the yak.
You block the yak's attack.
You hit the yak. The yak closely misses you.
You hit the yak but do no damage. You drain the yak.
The yak closely misses you.
You hit the yak. You drain the yak. The yak barely misses you.
You hit the yak. You drain the yak. The yak gores you but does no damage.
You hit the yak. You slash the yak!
You kill the yak!
Okawaru accepts your kill.
You barely miss the yak. The yak barely misses you.
You hit the yak. The yak gores you but does no damage.
You hit the yak. You punch the yak. The yak gores you!
You slash the yak! The yak gores you!
* * * LOW HITPOINT WARNING * * *
You hit the yak. You hit the yak. The yak gores you!
You die...

.............>.....#
###..(.....##.######
..........###.######.#
..........# #........#
..........# #..#.###.#
..........# #....#
........#.# #.##.#
.......##.# #.##.#
..##@# #.######Y###.#
........Y....#
#........#####
########.# #.# #.# ..#
#.#


You could see 2 yaks.

Vanquished Creatures
  3 yaks
  A water moccasin (D:7)
  An ice beast (D:5)
  2 sky beasts
  An ogre (D:6)
  2 phantoms
  Blork the orc (D:4)
  2 bullfrogs (D:7)
  4 jellies
  2 gnoll boudas
  2 orc priests
  3 hounds
  2 iguanas (D:4)
  Natasha (thrice) (D:4)
  3 orc wizards
  13 gnolls
  10 adders
  An ufetubus (D:6)
  A worm (D:2)
  5 dart slugs
  9 orcs
  6 ball pythons
  3 bats
  12 endoplasms
  5 giant cockroaches
  6 goblins
  4 hobgoblins
  3 jackals (D:3)
  2 quokkas
  4 frilled lizards
  5 kobolds
  4 rats
125 creatures vanquished.

Vanquished Creatures (others)
  A plant (D:8)
1 creature vanquished.

Grand Total: 126 creatures vanquished

Notes
Turn   | Place    | Note
-------+----------+-------------------------------------------
     0 | D:5      | ragingrage the Djinni Delver began the quest for the Orb.
     0 | D:5      | Reached XP level 1. HP: 20/20 MP: 0/0
    48 | D:5      | Noticed a jelly
    82 | D:7      | Noticed a water moccasin
    94 | D:6      | Reached skill level 2 in Long Blades
   141 | D:6      | Noticed an ice beast
   179 | D:6      | Reached XP level 2. HP: 13/25 MP: 0/0
   288 | D:6      | Noticed a sky beast
   340 | D:6      | Reached skill level 3 in Long Blades
   340 | D:6      | Reached XP level 3. HP: 24/30 MP: 0/0
   340 | D:6      | Learned a level 1 spell: Freeze
   372 | D:6      | Found a stormy altar of Qazlal.
   397 | D:6      | Noticed an ogre
   461 | D:6      | Found a staircase to the Ecumenical Temple.
   484 | D:6      | Noticed a phantom
   507 | D:5      | Noticed an ice beast
   516 | D:5      | Found a snail-covered altar of Cheibriados.
  1192 | D:1      | Reached XP level 4. HP: 24/35 MP: 0/0
  1653 | D:1      | Reached skill level 4 in Long Blades
  1960 | D:2      | Found a faded altar of an unknown god.
  2190 | D:2      | Prayed at the altar of an unknown god.
  2190 | D:2      | Became a worshipper of Warmaster Okawaru
  2190 | D:2      | Reached * piety under Okawaru
  2260 | D:2      | Identified the +2 robe of the Locust {Will+ Int+4}
  2751 | D:3      | Reached XP level 5. HP: 38/40 MP: 0/0
  2751 | D:3      | Learned a level 2 spell: Momentum Strike
  2966 | D:3      | Killed a phantom
  2967 | D:3      | Reached skill level 5 in Long Blades
  2993 | D:3      | Reached XP level 6. HP: 46/46 MP: 0/0
  3690 | D:4      | Reached skill level 6 in Long Blades
  3856 | D:4      | Reached ** piety under Okawaru
  3857 | D:4      | Reached XP level 7. HP: 43/50 MP: 0/0
  3857 | D:4      | Learned a level 2 spell: Scorch
  4026 | D:4      | Reached skill level 1 in Spellcasting
  4228 | D:4      | Noticed Blork the orc
  4247 | D:4      | Killed Blork the orc
  4404 | D:4      | Noticed Natasha
  4411 | D:4      | Killed Natasha
  4571 | D:4      | Noticed Natasha
  4582 | D:4      | Killed Natasha
  4717 | D:4      | Noticed Natasha
  4726 | D:4      | Killed Natasha
  4836 | D:5      | Reached skill level 7 in Long Blades
  4836 | D:5      | Reached XP level 8. HP: 54/56 MP: 0/0
  5326 | D:5      | Noticed a yak
  5415 | D:5      | Killed a yak
  5694 | D:6      | Found a broken altar of Ashenzari.
  5737 | D:6      | Found a bloodstained altar of Trog.
  5769 | D:6      | Found a hide-covered altar of Uskayaw.
  6271 | D:6      | Reached skill level 8 in Long Blades
  6410 | D:6      | Reached *** piety under Okawaru
  6602 | D:7      | Reached XP level 9. HP: 58/60 MP: 0/0
  6602 | D:7      | Learned a level 4 spell: Ice Form
  6820 | D:7      | Reached skill level 9 in Long Blades
  7197 | D:7      | Found a sacrificial altar of Ru.
  7454 | D:8      | Found a staircase to the Lair.
  7454 | D:8      | Noticed an elephant
  7542 | D:8      | Slain by a yak

Illustrated notes

Levels and vault maps discovered:
D:1:      heliophobic_arrival_dark_side_of_the_moon, layout_rooms,
          solitary_fountain
D:2:      layout_basic, hellmonk_ecumenical_altar_inner_sanctum,
          serial_corexii_hall, chequers_hall_statues_wall_a,
          corexii_hall_statues_deadend, minmay_domino_4
D:3:      layout_loops_corners, wad_floor_pattern_2,
          chequers_serial_rivers_marsh
D:4:      layout_rooms, mainiacjoe_overflow_catwalk, nicolae_ossuary_entry_plus,
          uniq_natasha, uniq_blork_the_orc
D:5:      layout_rooms, mainiacjoe_overflow_boulevard, minmay_manual_mullet
D:6:      layout_gridville, kennysheep_mini, mainiacjoe_overflow_big_doors,
          kennysheep_little_box, old_standard_altar, minmay_temple_entry_tees
D:7:      layout_cave_pools, mainiacjoe_overflow_cross_hatched, minivault_26,
          hex_large
D:8:      layout_basic, fedhas_altar_4, david_lair_generic, serial_shops, shop,
          minmay_between

Skill      XL: |  1  2  3  4  5  6  7  8  9 |
---------------+----------------------------+-----
Long Blades    | 2 3 4 5 6 7 8 9 |  9.9
Spellcasting   | 2 4 |  4.0
Fighting       | |  3.0
Dodging        | |  2.1
Stealth        | |  4.1

Action                     |  1- 3 |  4- 6 |  7- 9 || total
---------------------------+-------+-------+-------++-------
  Melee: Falchion          |    57 |   234 |   281 ||   572
         Punch             |       |     4 |     2 ||     6
         Dagger            |       |       |     2 ||     2
 Invoke: Heroism           |       |     1 |       ||     1
    Use: Scroll            |     1 |     5 |     2 ||     8
         Potion            |     1 |     2 |     1 ||     4
   Stab: Sleeping          |     3 |     5 |     8 ||    16
         Distracted        |       |     1 |     1 ||     2
 Armour: Leather armour    |    18 |    26 |       ||    44
         Robe              |       |    49 |    59 ||   108
  Dodge: Dodged            |    56 |   147 |    91 ||   294
  Block: Other             |       |    35 |    57 ||    92
         Reflection        |       |     1 |       ||     1

Table legend: (Time is in decaauts)
 A = Elapsed time spent in this place.
 B = Non-inter-level travel time spent in this place.
 C = Inter-level travel time spent in this place.
 D = Time resting spent in this place.
 E = Time spent auto-exploring this place.
 F = Levels seen in this place.
 G = Mean time per level.
                   A        B        C        D        E       F      G
               +--------+--------+--------+--------+--------+-----+--------+
         Total |   7523 |   7139 |    384 |   1332 |   4190 |   8 |  940.4 |
       Dungeon |   7523 |   7139 |    384 |   1332 |   4190 |   8 |  940.4 |
               +--------+--------+--------+--------+--------+-----+--------+

Top non-repeatable levels by time:
     D:6: 1373 daAuts
     D:4: 1200 daAuts
     D:2: 1190 daAuts
     D:3: 1095 daAuts
     D:5: 917 daAuts
     D:7: 852 daAuts
     D:1: 745 daAuts
     D:8: 148 daAuts
